 Dungeon Crawl Stone Soup version 0.30.0-10-gfe55d96785 (webtiles) character file.

Game seed: 15846239282194273896

48 Frutz the Grasshopper (level 3, -6/32 HPs)
             Began as a Naga Warper on May 15, 2023.
             Mangled by a worm (8 damage)
             ... on level 2 of the Dungeon.
             The game lasted 00:08:04 (1415 turns).

Frutz the Grasshopper (Naga Warper)                 Turns: 1415, Time: 00:08:05

Health: -6/32      AC:  3    Str: 13    XL:     3   Next: 72%
Magic:  6/6        EV:  8    Int: 15    God:
Gold:   60         SH:  0    Dex: 10    Spells: 6/6 levels left

rFire   . . .        a - +0 falchion
rCold   . . .        (no shield)
rNeg    . . .        i - +0 ring mail
rPois   +            (no helmet)
rElec   .            (no cloak)
rCorr   .            (no gloves)
SInv    +            (no barding)
Will    .....        (no amulet)
Stlth   +            (no ring)
HPRegen 0.25/turn    (no ring)
MPRegen 0.10/turn

%: no passive effects
@: very slow
A: AC +1, large, see invisible, deformed body, poison resistance, slowness 2,
spit poison 1, naga tail 1
a: Spit Poison


You were on level 2 of the Dungeon.
You visited 1 branch of the dungeon, and saw 2 of its levels.

You collected 60 gold pieces.

Inventory:

Hand Weapons
 a - a +0 falchion (weapon)
 b - a +0 spear
Missiles
 d - 7 boomerangs of dispersal
 f - 7 silver javelins (quivered)
Armour
 i - a +0 ring mail (worn)
Scrolls
 c - a scroll of blinking
 g - a scroll of vulnerability {unknown}
 h - a scroll of fog {unknown}
 j - 2 scrolls of teleportation {unknown}
Potions
 e - a potion of heal wounds {unknown}
 k - a potion of attraction {unknown}
 l - a potion of flight {unknown}
 m - a potion of mutation {unknown}


   Skills:
 + Level 2.3 Fighting
 + Level 2.5 Long Blades
 + Level 0.8 Throwing
 + Level 1.1 Armour
 + Level 1.8 Dodging
 + Level 0.3 Stealth
 + Level 2.2 Spellcasting
 + Level 3.5 Translocations


You had 6 spell levels left.
You didn't know any spells.
Your spell library contained the following spells:

 Spells                   Type           Power      Damage    Failure   Level
 Blink                    Tloc           24%        N/A       17%         2
 Lesser Beckoning         Tloc           24%        N/A       17%         2
 Teleport Other           Tloc           12%        N/A       32%         3
 Ensorcelled Hibernation  Hex/Ice        2%         N/A       56%         2
 Vhi's Electric Charge    Tloc/Air       12%        N/A       56%         3
 Manifold Assault         Tloc           12%        N/A       73%         4
 Ignite Poison            Fire/Tmut/Pois 1%         N/A       80%         3
 Spider Form              Tmut/Pois      1%         N/A       80%         3
 Anguish                  Hex/Necr       0%         N/A       99%         4
 Sticky Flame             Conj/Fire      1%         2d3       99%         4
 Ignition                 Fire           0%         3d3       100%        8


Dungeon Overview and Level Annotations

Branches:
Dungeon (2/15)

Altars:


Innate Abilities, Weirdness & Mutations

Your serpentine skin is tough. (AC +1)
You have supernaturally acute eyesight. (SInv)
Armour fits poorly on your strangely shaped body.
Your system is resistant to poisons. (rPois)
You cover ground very slowly.
You can spit poison.
You have a snake-like lower body.


Message History

The endoplasm is heavily wounded.
The endoplasm hits you.
You hit the endoplasm.
You kill the endoplasm!
m - a smoky emerald potion
Found a stone staircase leading down.
Found a stone staircase leading down.
Found a ring mail.
You see here a +0 ring mail.
Found 7 gold pieces.
You now have 60 gold pieces (gained 7).
A worm comes into view.
You hit the worm.
The worm is moderately wounded.
The worm bites you.
You barely miss the worm.
The worm is lightly wounded.
The worm bites you!
You hit the worm but do no damage.
The worm is lightly wounded.
You barely miss the worm. You punch the worm.
The worm is lightly wounded.
The worm bites you!
You hit the worm.
The worm is lightly wounded.
The worm bites you.
You hit the worm.
The worm is moderately wounded.
The worm bites you.
* * * LOW HITPOINT WARNING * * *
You barely miss the worm. You punch the worm.
The worm is moderately wounded.
You slash the worm!
The worm is almost dead.
The worm bites you.
* * * LOW HITPOINT WARNING * * *
You hit the worm.
The worm is almost dead.
The worm bites you!
You die...

#..# #.# #..# # #.# #..#
#.######.# #..#
#####.........
#######..###.............
#.............##########.
#.##########..# #.......
## #.##########..#
#.#####.
#...##.#....w@.....# #.#
#. #....#.#########.# #.#
#. #...####
##.####.#####. ##.
#............. #
#.........)...
#.###...###.#. #.#
#...##.### #.# #...#.##
#.# #...#..##


You could see a worm.

Vanquished Creatures
  A worm (D:2)
  A dart slug (D:2)
  A bat (D:1)
  6 endoplasms
  2 giant cockroaches
  6 goblins
  4 hobgoblins
  3 ball pythons
  5 frilled lizards
  6 kobolds
  5 rats
40 creatures vanquished.

Notes
Turn   | Place    | Note
-------+----------+-------------------------------------------
     0 | D:1      | Frutz the Naga Warper began the quest for the Orb.
     0 | D:1      | Reached XP level 1. HP: 19/19 MP: 3/3
   331 | D:1      | Reached XP level 2. HP: 24/26 MP: 5/5
   798 | D:1      | Reached XP level 3. HP: 31/32 MP: 6/6
   891 | D:2      | Reached skill level 1 in Armour
  1415 | D:2      | Mangled by a worm

Illustrated notes

Levels and vault maps discovered:
D:1:      shiori_arrival_oz, layout_basic, serial_glass, glass_columns_a,
          glass_columns_b
D:2:      layout_loops_ring, uniq_crazy_yiuf_cottage

Skill      XL: |  1  2  3 |
---------------+----------+-----
Armour         | 1 |  1.1
Fighting       | |  2.3
Long Blades    | |  2.5
Throwing       | |  0.8
Dodging        | |  1.8
Stealth        | |  0.3
Spellcasting   | |  2.2
Translocations | |  3.5

Action                     || total
---------------------------++-------
  Melee: Falchion          ||   145
         Punch             ||     4
 Armour: Leather armour    ||    12
         Ring mail         ||    26
  Dodge: Dodged            ||    59
